AoeStats
← ccereal

MegaRandom

509862708Analyzed
3v3 RM · 3d ago on Sep 28, 2026· 43m 44s· 6 players
Game mode
Random Map
Map size
Normal (6 player)
Population
200
Speed
Normal
Resources
Standard
Victory
Conquest
Starting age
Dark Age
Ending age
Imperial Age
RankedLock teamsTeams togetherTeam positionsShared explorationLock speedFull tech treeHidden civsTurbo modeCheats
Victory
Defeat
🇫🇷 Mongols · France
1623
+10
🇫🇷 Chinese · France
1615
+10
🇫🇷 Persians · France
1539
+13
🇨🇳 Inca · China
1485
-11
🇨🇭 Saxons · Switzerland
1483
-11
🇹🇼 Britons · Taiwan
1473
-11
Smile
11:42 Loom
13:29 Feudal Age
14:19 Champi Runner
22:19 Castle Age
20:50 Double-Bit Axe
20:46 Horse Collar
22:11 Fletching
22:27 Pikeman
23:08 Squires
24:53 Scale Mail Armor
26:12 Forging
30:10 Bow Saw
32:40 Wheelbarrow
33:47 Squires
34:34 Chain Mail Armor
35:18 Hand Cart
38:23 Iron Casting
37:42 Gold Mining
37:54 Heavy Plow
40:09 Gold Shaft Mining
44:19 Imperial Age
lorddoc
5:52 Loom
14:40 Feudal Age
16:50 Fletching
22:34 Fishing Lines
24:44 Double-Bit Axe
27:26 Castle Age
25:49 Padded Archer Armor
28:06 Bloodlines
28:20 Thumb Ring
29:16 Bodkin Arrow
32:13 Leather Archer Armor
35:31 Ballistics
42:34 Imperial Age
apple6206ha
5:12 Loom
13:00 Feudal Age
13:29 Double-Bit Axe
16:09 Fletching
22:36 Wheelbarrow
26:08 Castle Age
24:59 Gold Mining
26:45 Bodkin Arrow
26:19 Crossbowman
29:48 Padded Archer Armor
34:23 Ballistics
42:16 Coinage
Frorok
3:05 Loom
14:35 Feudal Age
18:57 Castle Age
18:18 Double-Bit Axe
18:15 Horse Collar
19:27 Scale Barding Armor
22:19 Bloodlines
27:00 Wheelbarrow
27:39 Chain Barding Armor
29:01 Bow Saw
30:01 Forging
29:49 Town Watch
32:56 Husbandry
35:10 Hand Cart
39:09 Imperial Age
37:25 Iron Casting
37:48 Heavy Plow
39:19 Gold Mining
40:39 Plate Barding Armor
39:26 Cavalier
41:37 Ballistics
41:07 Heavy Scorpion
41:44 Fletching
43:02 Chemistry
42:23 Bodkin Arrow
44:43 Rocketry
ccereal
10:26 Feudal Age
11:27 Loom
13:02 Fletching
13:42 Double-Bit Axe
15:54 Town Watch
20:10 Castle Age
29:34 Horse Collar
31:00 Bodkin Arrow
31:44 Padded Archer Armor
32:00 Bloodlines
32:25 Husbandry
33:37 Leather Archer Armor
40:59 Thumb Ring
Flybidi
8:14 Loom
13:32 Feudal Age
20:57 Castle Age
20:38 Scale Barding Armor
26:29 Bloodlines
34:57 Kamandaran
35:56 Wheelbarrow
35:12 Double-Bit Axe
35:55 Crossbowman
37:22 Fletching
38:10 Bodkin Arrow
39:17 Padded Archer Armor
41:35 Leather Archer Armor
43:51 Thumb Ring
Connection lost

Rejoining the realm…

Still unreachable

The connection could not be restored.

Session expired

The server has moved on; the page needs a fresh start.